 Dungeon Crawl Stone Soup version 0.24.0-13-gcf9b319 (webtiles) character file.

Game seed: 10073985937218582102, levelgen mode: deterministic

202 Fortress the Conjurer (level 5, -11/38 HPs)
             Began as a Draconian Conjurer on Jan 11, 2020.
             Killed from afar by an orc (23 damage)
             ... with an exploding inner flame
             ... hexed by the player character
             ... on level 3 of the Dungeon on Jan 12, 2020.
             The game lasted 00:16:12 (2777 turns).

Fortress the Conjurer (Draconian Conjurer)          Turns: 2777, Time: 00:16:13

Health: -11/38     AC:  6    Str: 10    XL:     5   Next: 50%
Magic:  10/10      EV: 12    Int: 19    God:
Gold:   104        SH:  0    Dex: 12    Spells: 8/11 levels left

rFire    . . .     SeeInvis .   v - +1 dagger (vamp)
rCold    . . .     Gourm    .   (no shield)
rNeg     . . .     Faith    .   (armour unavailable)
rPois    +         Spirit   .   (helmet restricted)
rElec    .         Reflect  .   r - +0 cloak
rCorr    .         Harm     .   (no gloves)
MR       .....                  (no boots)
Stlth    ++........             h - amulet of magic regeneration
HPRegen  0.12/turn              l - +3 ring of intelligence
MPRegen  0.37/turn              u - ring of poison resistance

@: no status effects
A: unfitting armour, cold-blooded, AC +5
a: no special abilities


You were on level 3 of the Dungeon.
You were not hungry.

You visited 1 branch of the dungeon, and saw 3 of its levels.

You collected 104 gold pieces.

Inventory:

Hand Weapons
 o - a +1 whip of freezing
 v - a +1 vampiric dagger (weapon)
Armour
 r - a +0 cloak (worn)
Jewellery
 h - an amulet of magic regeneration (around neck)
 l - a +3 ring of intelligence (left hand)
 u - a ring of poison resistance (right hand)
 w - a cursed amulet of inaccuracy {unknown}
Scrolls
 f - a scroll of enchant weapon {unknown}
 g - 3 scrolls of remove curse
 j - a scroll of immolation
 k - a scroll of enchant armour {unknown}
 p - 4 scrolls of teleportation {unknown}
 q - 2 scrolls of identify {unknown}
Potions
 a - a potion of curing
 c - a potion of haste {unknown}
 d - 2 potions of ambrosia {unknown}
 e - 2 potions of brilliance {unknown}
 i - a potion of cancellation {unknown}
 m - a potion of mutation {unknown}
 n - a potion of lignification {unknown}
 s - a potion of heal wounds {unknown}
Comestibles
 b - 3 rations
 t - a chunk of flesh


   Skills:
 - Level 2.0 Dodging
 - Level 2.0 Stealth
 + Level 3.5 Spellcasting
 + Level 5.8 Conjurations


You had 8 spell levels left.
You knew the following spells:

 Your Spells              Type           Power        Failure   Level  Hunger
a - Magic Dart            Conj           ####         1%          1    None
b - Searing Ray           Conj           ####..       1%          2    ##.....

Your spell library contained the following spells:

 Spells                   Type           Power        Failure   Level  Hunger
 Dazzling Spray           Conj/Hex       ##....       13%         3    ###....
 Iskenderun's Mystic Bla  Conj           ####....     13%         4    ####...
 Force Lance              Conj/Tloc      ##......     41%         4    ####...
 Fulminant Prism          Conj/Hex       ##........   41%         4    ####...


Dungeon Overview and Level Annotations

Branches:
Dungeon (3/15)

Altars:
Ru
Trog


Innate Abilities, Weirdness & Mutations

Your plain brown scales are hard. (AC +5)
You cannot fit into any form of body armour.
You are cold-blooded and may be slowed by cold attacks.


Message History

* * * LOW HITPOINT WARNING * * *
The adder barely misses you.
You barely miss the orc.
The orc is moderately wounded.
The adder bites you but does no damage. The orc hits you with a +0 club.
* * * LOW HITPOINT WARNING * * *
It was a potion of curing.
You feel better. The adder misses you. The orc barely misses you.
The adder barely misses you.
You hit the orc.
You feel better.
The orc is heavily wounded.
The adder bites you but does no damage. The orc hits you with a +0 club.
* * * LOW HITPOINT WARNING * * *
You hit the orc.
The orc is almost dead.
The adder barely misses you. The orc closely misses you.
You hit the orc.
You feel better.
The orc explodes!
The fiery explosion engulfs you!!
Ouch! That really hurt!
You die...

#...#.......##...........
#...#.......##...........
######...#.......##...........
#................##..#....####
#................##..###..#
#........)..#######.......#
#............# #.#####.#
#............## #.#####'###
#...(......†.@#####.##......##
#...........#S.r.##.##.....)).
#...........#{§§.##.##....).##
#############g.(.# #......#
######....## ########
#(.........# #..............
#..g....^......
................


You could see an adder (inner flame), a goblin (inner flame) and a rat (inner
flame).

Vanquished Creatures
  2 orc priests (D:2)
  Terence (D:2)
  2 adders
  An ooze (D:1)
  3 worms
  2 dart slugs
  4 leopard geckos
  12 orcs
  4 ball pythons
  2 giant cockroaches (D:1)
  6 goblins
  6 hobgoblins
  3 jackals (D:1)
  6 kobolds
  4 bats
  3 frilled lizards
  A leopard gecko zombie (D:2)
  4 rats
66 creatures vanquished.

Notes
Turn   | Place    | Note
-------+----------+-------------------------------------------
     0 | D:1      | Fortress the Draconian Conjurer began the quest for the
                  | Orb.
     0 | D:1      | Reached XP level 1. HP: 14/14 MP: 3/3
   370 | D:1      | Reached XP level 2. HP: 20/20 MP: 3/5
   779 | D:1      | Reached XP level 3. HP: 26/26 MP: 1/6
  1188 | D:2      | Found a sacrificial altar of Ru.
  1455 | D:2      | Noticed Terence
  1460 | D:2      | Learned a level 2 spell: Searing Ray
  1481 | D:2      | Killed Terence
  1481 | D:2      | Reached skill level 5 in Conjurations
  1481 | D:2      | Reached XP level 4. HP: 7/33 MP: 0/7
  1821 | D:2      | Found a bloodstained altar of Trog.
  2092 | D:2      | Reached XP level 5. HP: 7/38 MP: 0/9
  2777 | D:3      | Killed from afar by an orc

Levels and vault maps discovered:
D:1:      scummos_arrival_gate, layout_loops_ring, nrook_mini_vaults,
          nrook_campfire
D:2:      layout_rooms, nicolae_overflow_crystal_walls,
          minmay_large_rounded_square, trog_three_pillars_becter, uniq_terence
D:3:      layout_basic

Skill      XL: |  1  2  3  4 |
---------------+-------------+-----
Stealth        | 2 |  2.0
Dodging        | 2 |  2.0
Conjurations   | 5 |  5.8
Spellcasting   | 3 |  3.5

Action                   |  1- 3 |  4- 6 || total
-------------------------+-------+-------++-------
Melee: Unarmed           |    57 |     3 ||    60
       Tailslap          |     9 |     1 ||    10
       Dagger            |       |    10 ||    10
       Whip              |       |     8 ||     8
 Cast: Magic Dart        |    72 |    54 ||   126
       Searing Ray       |     1 |     7 ||     8
  Use: Scroll            |       |     2 ||     2
       Potion            |       |     1 ||     1
  Eat: Chunk             |     2 |     5 ||     7
Armor: Skin              |    17 |    13 ||    30
Dodge: Dodged            |    45 |    30 ||    75
